Map: [ESL] Babylon

Players

Scarlett - Winner!

  • Race: Zerg Zerg
  • Spawn Location: 5:00

ByuN

  • Race: Terran Terran
  • Spawn Location: 11:00

Event: ESL SC2 Masters 2023 Summer (Finals)

VOD

Have the link to the VOD?

Description

Time

  • Played on: June 16, 2023, 7:58 a.m.
  • Length: 28:05

All games in this series

Show
View Real Time Build Order
Export as new Build Order

Scarlett Zerg - Winner!

Build Orders: Hatch First, Ravager All-In 

Get SALT Encoding   

  12  0:00  Drone  
  13  0:12  Overlord  
  13  0:16  Drone  
  14  0:30  Drone x2  
  16  0:47  Hatchery  
  15  0:51  Drone  
  15  0:54  Drone  
  17  0:57  Drone  
  18  1:09  Extractor  
  17  1:12  Spawning Pool  
  17  1:15  Drone  
  17  1:19  Drone  
  18  1:27  Drone  
  19  1:41  Drone  
  20  1:49  Drone  
  21  1:54  Extractor  
  21  1:59  Queen x2, Roach Warren  
  23  2:03  Drone  
  24  2:11  Overlord  
  24  2:20  Zergling x4  
  24  2:21  Zergling x2  
  27  2:26  Overlord  
  27  2:33  Drone  
  31  2:44  Roach x2  
  31  2:45  Drone  
  32  2:53  Roach  
  32  2:57  Overlord  
  34  3:08  Ravager  
  34  3:12  Overlord  
  35  3:14  Ravager x2  
  37  3:23  Roach  
  39  3:31  Roach  
  39  3:32  Roach x2  
  45  3:36  Drone  
  46  3:45  Drone  
  45  3:57  Ravager x2  
  45  4:02  Overlord  
  47  4:11  Overlord  
  47  4:12  Ravager  
  46  4:20  Overlord  
  46  4:22  Roach x2  
  45  4:29  Queen  
  44  4:39  Roach  
  44  4:45  Metabolic Boost  
  46  4:48  Roach x3  
  52  4:55  Zergling x2  
  52  4:58  Zergling x2, Ravager  
  55  5:06  Queen  
  57  5:08  Baneling Nest  
  56  5:20  Zergling x8  
  60  5:31  Overlord  
  60  5:45  Zergling x2  
  60  5:47  Zergling x2  
  60  5:48  Ravager  
  60  5:49  Zergling x4  
  65  5:52  Baneling x6  
  65  5:57  Zergling x2  
  66  6:05  Baneling x3, Zergling x2  
  66  6:20  Zergling x6  
  63  6:26  Ravager  
  64  6:32  Hatchery  
  64  6:40  Drone  
  64  6:44  Ravager x2  
  64  6:45  Zergling x6  
  69  6:52  Zergling x2  
  69  6:56  Zergling x2  
  70  7:06  Zergling x2  
  70  7:07  Baneling x5  
  70  7:14  Zergling x6  
  73  7:20  Zergling x2  
  74  7:34  Drone  
  75  7:42  Drone x3  
  78  7:53  Drone x3  
  81  8:04  Drone x2  
  83  8:05  Hatchery  
  83  8:10  Drone x2  
  84  8:15  Overlord  
  84  8:18  Evolution Chamber  
  84  8:19  Evolution Chamber  
  82  8:34  Drone x6  
  88  8:39  Lair  
  89  8:41  Drone x2  
  90  8:51  Zerg Melee Weapons Level 1  
  90  8:52  Zerg Ground Armor Level 1  
  90  8:55  Drone  
  91  9:02  Zergling x4  
  92  9:09  Overlord x2  
  92  9:20  Drone x4  
  92  9:21  Drone x2  
  98  9:29  Drone  
  98  9:30  Zergling x8  
  103  9:36  Queen  
  105  9:43  Drone  
  105  9:44  Centrifugal Hooks  
  106  9:48  Spore Crawler  
  105  9:55  Hatchery, Drone x4  
  105  9:58  Overlord  
  108  10:02  Extractor  
  108  10:03  Extractor, Drone x2  
  108  10:04  Drone  
  108  10:06  Drone x2  
  111  10:08  Drone  
  111  10:11  Drone  
  113  10:17  Spore Crawler  
  113  10:18  Queen  
  113  10:26  Zergling x16  
  121  10:35  Overlord x3  
  116  10:48  Drone x9  
  122  10:52  Zerg Ground Armor Level 2  
  122  10:55  Zergling x6  
  122  10:56  Zergling x2  
  126  10:59  Zergling x2  
  127  11:05  Zerg Melee Weapons Level 2  
  127  11:08  Drone  
  127  11:09  Queen, Infestation Pit  
  129  11:11  Zergling x2  
  129  11:17  Drone x3  
  129  11:18  Drone x2  
  133  11:19  Overlord  
  133  11:21  Overlord  
  130  11:33  Zergling x20  
  130  11:37  Baneling x7  
  138  11:40  Drone  
  138  11:44  Queen  
  139  11:48  Zergling x14  
  139  11:50  Baneling x3  
  145  11:56  Hive  
  145  11:58  Zergling x8  
  149  12:03  Baneling  
  149  12:04  Baneling x11  
  149  12:15  Zergling x24  
  156  12:37  Overlord, Zergling x24  
  156  12:38  Overlord  
  156  12:41  Overlord x2  
  167  12:47  Spore Crawler  
  166  12:54  Hatchery  
  166  12:56  Baneling x11  
  160  13:12  Zergling x28  
  151  13:16  Zergling x4  
  149  13:21  Overseer  
  149  13:24  Zergling x2  
  149  13:25  Zergling x6  
  149  13:26  Adrenal Glands  
  153  13:31  Zerg Ground Armor Level 3, Zerg Melee Weapons Level 3  
  153  13:34  Zergling x4  
  153  13:37  Ultralisk Cavern  
  154  13:41  Zergling x4  
  155  13:50  Zergling x8  
  153  13:56  Zergling x2  
  153  13:57  Zergling x6, Overseer  
  153  14:01  Baneling x2  
  153  14:02  Zergling x12  
  162  14:08  Zergling x6  
  164  14:14  Zergling x10  
  164  14:15  Queen  
  171  14:19  Drone x2  
  171  14:23  Baneling x11  
  158  14:38  Zergling x30  
  167  14:40  Baneling x5  
  167  14:41  Zergling x4  
  167  14:44  Queen  
  171  14:46  Zergling x4  
  171  14:49  Zergling x10  
  168  14:54  Zergling x2  
  168  14:57  Zergling x12  
  157  15:00  Spore Crawler  
  157  15:03  Drone x4  
  157  15:06  Chitinous Plating  
  157  15:07  Spore Crawler  
  156  15:11  Ultralisk  
  156  15:12  Drone x4  
  166  15:14  Extractor  
  166  15:17  Extractor, Zergling x6  
  166  15:18  Extractor  
  166  15:20  Zergling x2  
  156  15:27  Zergling x14  
  163  15:34  Baneling x11  
  158  15:37  Zergling x16  
  158  15:43  Zergling x4  
  158  15:44  Zergling x4  
  158  15:47  Drone  
  158  15:49  Zergling x4  
  155  15:52  Baneling x9  
  155  15:55  Zergling x2  
  155  15:56  Zergling x14  
  156  16:01  Queen, Spore Crawler  
  156  16:02  Drone x2  
  156  16:03  Drone  
  160  16:06  Drone x4  
  160  16:07  Drone  
  160  16:10  Overseer  
  165  16:15  Ultralisk, Zergling x12  
  174  16:21  Drone x3  
  174  16:24  Zergling x10  
  174  16:25  Anabolic Synthesis  
  181  16:30  Spore Crawler  
  165  16:36  Ultralisk, Zergling x14  
  178  16:41  Queen  
  178  16:45  Zergling x10  
  159  16:54  Zergling x16  
  159  16:58  Zergling x4  
  159  17:03  Ultralisk, Zergling x2  
  164  17:10  Infestor x2  
  164  17:11  Zergling x10  
  164  17:15  Baneling x2  
  173  17:17  Overseer  
  173  17:27  Extractor, Zergling x16  
  175  17:30  Zergling x6  
  175  17:32  Hatchery  
  175  17:34  Zergling x2  
  175  17:36  Baneling x3  
  165  17:38  Zergling x8  
  165  17:40  Overseer  
  165  17:45  Zergling x8, Ultralisk  
  165  17:50  Zergling x12  
  179  17:54  Zergling x2  
  179  17:57  Zergling x2  
  172  18:03  Zergling x2, Ultralisk  
  175  18:12  Hatchery  
  175  18:17  Zergling x10  
  179  18:20  Baneling x6  
  179  18:31  Zergling x18  
  167  18:35  Zergling x2  
  165  18:41  Ultralisk, Zergling x2  
  165  18:45  Infestor  
  158  18:51  Extractor, Drone x3  
  158  18:58  Zergling x6  
  158  19:00  Pneumatized Carapace, Overseer  
  161  19:06  Zergling x8  
  164  19:13  Zergling x8  
  164  19:15  Baneling x10  
  168  19:22  Zergling x10  
  172  19:25  Zergling x2  
  172  19:26  Zergling x4  
  172  19:28  Baneling x3  
  176  19:31  Zergling x4  
  176  19:36  Zergling x8  
  179  19:43  Zergling x12  
  170  19:48  Infestor x2  
  170  19:51  Drone x2  
  176  19:55  Zergling x4  
  176  19:59  Zergling x6  
  180  20:03  Zergling x10  
  180  20:05  Baneling x5  
  180  20:06  Baneling x4  
  185  20:14  Zergling x8  
  184  20:22  Hatchery  
  184  20:24  Zergling x18  
  184  20:27  Zergling x2  
  186  20:32  Zergling x16  
  187  20:41  Zergling x16  
  173  20:47  Infestor x2  
  164  20:50  Zergling x6  
  164  20:54  Zergling x2  
  151  21:02  Zergling x16  
  150  21:12  Spore Crawler  
  150  21:13  Zergling x16  
  150  21:14  Baneling x9  
  147  21:23  Zergling x12  
  141  21:39  Zergling x18  
  131  21:49  Drone x2  
  131  21:50  Drone x4  
  130  21:54  Ultralisk x2  
  130  21:55  Drone x3  
  130  21:59  Zergling x2  
  130  22:00  Zergling x2  
  144  22:07  Hatchery  
  144  22:08  Zergling x6, Ultralisk  
  142  22:22  Zergling x10, Ultralisk  
  142  22:26  Zergling x8  
  129  22:32  Zergling x10  
  123  22:43  Zergling x20  
  130  22:55  Zergling x2  
  130  22:56  Zergling x18  
  122  23:07  Zergling x20  
  125  23:16  Infestor x4  
  129  23:27  Zergling x4, Ultralisk  
  136  23:29  Zergling x2  
  136  23:30  Zergling x2  
  138  23:37  Zergling x12  
  144  23:42  Baneling x5  
  144  23:43  Baneling x4  
  144  23:47  Zergling x8  
  133  23:59  Zergling x26  
  128  24:05  Zergling x12  
  130  24:10  Zergling x2  
  130  24:11  Zergling x2  
  130  24:14  Zergling x10  
  130  24:19  Baneling x6  
  130  24:39  Ultralisk  
  130  24:40  Viper x2  
  130  24:42  Hatchery  
  141  24:46  Zergling x8  
  116  25:06  Zergling x32  
  98  25:14  Zergling x12  
  103  25:33  Baneling x16  
  93  25:56  Ultralisk x2, Zergling x4  
  107  26:03  Zergling x12  
  108  26:12  Zergling x14  
  115  26:22  Hatchery  
  114  26:33  Ultralisk  
  119  27:05  Ultralisk x3  
  137  27:13  Queen  
  139  27:16  Ultralisk  
  157  27:41  Baneling, Zergling x14  
Show
View Real Time Build Order
Export as new Build Order

ByuN Terran 

Build Orders:  

Get SALT Encoding   

  12  0:00  SCV  
  13  0:12  SCV  
  14  0:17  Supply Depot  
  14  0:24  SCV  
  15  0:39  Barracks  
  15  0:50  Barracks  
  15  1:05  Barracks  
  15  1:08  SCV  
  16  1:20  SCV  
  17  1:25  Marine  
  17  1:32  Orbital Command  
  18  1:39  Marine, Supply Depot  
  18  1:44  Marine  
  20  1:53  Marine  
  21  1:56  Bunker  
  21  1:59  Marine  
  22  2:04  SCV  
  22  2:07  Marine  
  24  2:16  Marine, SCV  
  24  2:22  Refinery  
  26  2:24  Marine  
  26  2:27  Marine  
  29  2:31  Supply Depot  
  29  2:35  SCV  
  29  2:36  Marine  
  30  2:42  Marine  
  30  2:45  Marine  
  31  2:53  SCV, Marine  
  33  3:07  Marine  
  33  3:08  SCV  
  33  3:11  Barracks Tech Lab  
  35  3:14  Bunker, Marine  
  36  3:23  Supply Depot  
  36  3:26  Marine  
  38  3:30  Concussive Shells  
  38  3:33  Marauder  
  39  3:44  Marine x2, SCV  
  39  3:46  Supply Depot  
  42  3:49  Supply Depot  
  41  3:56  SCV  
  41  3:57  Marauder  
  41  4:02  Marine  
  43  4:12  Bunker  
  43  4:19  Marauder  
  43  4:21  Marine  
  44  4:30  Marine  
  39  4:39  Marine  
  39  4:40  Marauder  
  39  4:43  Bunker  
  42  4:46  Stimpack  
  42  4:47  Marine  
  43  4:57  Marine  
  44  5:01  SCV  
  44  5:02  Marauder  
  44  5:05  Marine  
  48  5:14  Marine  
  49  5:23  Marauder, Marine  
  52  5:32  Marine  
  52  5:33  Barracks  
  53  5:41  Marine  
  54  5:44  Marauder  
  54  5:48  Supply Depot  
  56  5:50  Marine  
  56  5:56  SCV  
  58  6:03  Command Center  
  58  6:10  Marauder  
  60  6:14  Marine x2  
  59  6:25  SCV  
  59  6:26  Barracks Reactor  
  60  6:36  Marine x2  
  62  6:40  Bunker  
  62  6:45  SCV  
  63  6:56  Marine x2  
  63  6:57  Marauder  
  63  6:58  SCV  
  66  7:11  Marine, Factory  
  68  7:16  Orbital Command  
  68  7:20  SCV  
  67  7:32  SCV  
  67  7:36  Marine x2  
  70  7:43  Bunker, SCV  
  71  7:44  SCV, Bunker  
  71  7:50  Refinery  
  72  7:53  Marine  
  72  7:54  Marine  
  72  7:55  SCV, Starport  
  72  7:56  SCV, Factory Reactor  
  76  8:07  SCV  
  76  8:08  SCV  
  78  8:14  Supply Depot  
  78  8:17  Bunker  
  78  8:19  SCV  
  79  8:20  SCV  
  80  8:28  Barracks Reactor  
  80  8:29  Barracks Tech Lab  
  80  8:31  SCV  
  80  8:33  SCV  
  82  8:39  Medivac x2  
  86  8:43  SCV  
  86  8:45  SCV  
  86  8:47  Command Center, Refinery  
  88  8:53  Supply Depot  
  88  8:55  SCV  
  88  8:57  SCV  
  88  9:02  Refinery  
  90  9:05  Engineering Bay  
  90  9:06  Factory Tech Lab  
  90  9:09  Engineering Bay  
  90  9:10  Factory Reactor  
  90  9:13  Marine x2  
  90  9:14  Marine x2, Combat Shield  
  90  9:15  Marine  
  95  9:23  Supply Depot  
  95  9:25  SCV x2  
  97  9:33  Medivac x2  
  101  9:41  Terran Infantry Weapons Level 1  
  101  9:45  Barracks, SCV x2, Supply Depot  
  102  9:48  Terran Infantry Armor Level 1  
  102  9:49  Supply Depot  
  103  9:54  Marine x4  
  103  9:55  Marine  
  103  9:58  Widow Mine  
  110  10:02  Widow Mine  
  110  10:04  SCV  
  110  10:05  SCV  
  114  10:16  SCV  
  114  10:17  SCV  
  114  10:18  Orbital Command  
  114  10:20  Marine x4  
  114  10:21  Marine  
  121  10:23  Widow Mine  
  121  10:25  Widow Mine  
  125  10:29  SCV x2  
  125  10:32  Barracks Reactor  
  125  10:35  Barracks  
  127  10:43  SCV  
  127  10:45  Marine x4  
  127  10:46  Marine  
  127  10:48  Widow Mine x2  
  136  10:53  SCV x2  
  138  10:58  Supply Depot  
  138  10:59  Supply Depot  
  138  11:07  Armory, Supply Depot  
  138  11:10  Widow Mine, SCV  
  141  11:14  SCV  
  141  11:15  SCV  
  141  11:20  Widow Mine, Marine x5  
  141  11:21  Marine  
  149  11:29  Medivac  
  149  11:32  Supply Depot x2  
  149  11:42  Marine  
  149  11:43  Marine x5  
  149  11:44  Barracks Reactor  
  155  11:51  Marine  
  154  11:59  Terran Infantry Armor Level 2  
  154  12:00  Command Center  
  154  12:09  Marauder  
  154  12:10  Terran Infantry Weapons Level 2  
  154  12:15  Supply Depot x2  
  155  12:17  Medivac  
  155  12:18  Marine x2, Medivac  
  164  12:30  Widow Mine x2  
  164  12:31  Marauder, Marine x3  
  164  12:33  Marine  
  164  12:34  Marine  
  164  12:35  Marine  
  172  12:47  Medivac x2  
  172  12:50  Barracks x2  
  180  12:51  Widow Mine x2  
  180  12:52  Marauder  
  182  12:59  Marine x4  
  184  13:10  Marine  
  184  13:11  Marine  
  163  13:12  Widow Mine  
  163  13:13  Widow Mine  
  163  13:14  Marauder  
  163  13:17  Medivac  
  163  13:18  Marine x4  
  163  13:19  Marine x2  
  159  13:28  SCV x3  
  159  13:34  Widow Mine x2  
  166  13:35  Marauder  
  166  13:36  Marine x2  
  166  13:37  Marine x3  
  166  13:38  Barracks Tech Lab  
  166  13:39  Barracks Reactor  
  173  13:45  Medivac  
  173  13:47  Medivac  
  177  13:49  Marine x2  
  177  13:51  Marine  
  177  13:54  Marine x2  
  177  13:55  Widow Mine, Marine  
  181  13:56  Marauder  
  181  13:57  Marauder  
  181  13:58  Widow Mine  
  187  14:03  Marine x2  
  187  14:05  SCV  
  187  14:06  SCV  
  187  14:07  Orbital Command, Marine  
  190  14:18  Marauder  
  190  14:19  Marauder  
  190  14:20  Marine x6  
  191  14:31  Marine x3  
  191  14:32  Marine  
  191  14:33  Widow Mine x2  
  191  14:38  Marine x3  
  196  14:39  Marauder  
  196  14:40  Marauder  
  199  14:55  Widow Mine x2  
  173  15:00  Marauder  
  173  15:01  Marine, Marauder  
  173  15:07  Marine x7, Medivac x2  
  173  15:11  Marine  
  183  15:16  Widow Mine x2  
  185  15:21  Marine  
  185  15:22  Marauder, Terran Infantry Weapons Level 3, Terran Infantry Armor Level 3  
  185  15:23  Marauder  
  190  15:28  Marine  
  190  15:29  Marine x2  
  190  15:30  Marine  
  192  15:37  Widow Mine x2  
  192  15:38  Marine x2  
  192  15:42  Marine x3  
  191  15:43  Marauder  
  191  15:45  Marine  
  191  15:46  Marine x3  
  189  15:50  Marine x2  
  189  15:56  Marine x2  
  167  15:59  Widow Mine x2  
  167  16:00  Marine x3  
  167  16:03  Marine x2  
  176  16:04  Marine x2  
  176  16:05  Marauder  
  176  16:08  Marine x2  
  182  16:12  Medivac x2  
  182  16:17  Marine x2  
  182  16:18  Marine x3  
  190  16:20  Widow Mine x2  
  190  16:21  Marine  
  190  16:22  Marine  
  195  16:31  Marauder x2  
  175  16:37  Barracks, Marine x2  
  175  16:39  Barracks, Marine  
  177  16:40  Marine x2  
  177  16:41  Widow Mine  
  188  16:52  Marauder x2  
  139  17:02  Marine x3  
  139  17:04  Widow Mine x2, Marine x2  
  139  17:06  Marine  
  145  17:09  Marine x4  
  145  17:13  Liberator x2  
  145  17:14  Marauder x2  
  153  17:20  Marine  
  153  17:22  Command Center  
  154  17:24  Marine  
  154  17:25  Widow Mine x2  
  154  17:28  Marine x2, Barracks Tech Lab  
  154  17:29  Barracks Tech Lab  
  159  17:30  Marine  
  159  17:31  Marine  
  159  17:33  Marine x2  
  159  17:35  Marauder x2  
  156  17:38  Marine x2  
  156  17:40  Marine  
  156  17:42  Marine  
  160  17:46  Widow Mine x2, Marine x2  
  160  17:48  Marine  
  160  17:49  Marauder  
  163  17:53  Marauder  
  163  17:56  Liberator x2, Marauder  
  163  17:57  Marauder  
  155  18:07  Marine x3  
  155  18:10  Marauder  
  155  18:12  Marine x2  
  160  18:13  Marine  
  160  18:15  Marauder, Marine  
  160  18:18  Marauder x2  
  168  18:20  Widow Mine x2  
  168  18:23  Marine  
  168  18:24  Marine x2  
  175  18:31  Marauder  
  159  18:36  Marauder  
  159  18:38  Marine x3  
  159  18:39  Liberator, Marauder x2  
  142  18:43  Marine x2  
  142  18:44  Marine  
  142  18:46  Marine  
  139  18:53  Marauder  
  139  18:54  Marine  
  139  18:55  Marine  
  143  18:57  Marauder  
  143  19:01  Marauder x2, Marine  
  143  19:02  Marine  
  151  19:14  Marauder  
  151  19:16  Marine x2  
  155  19:17  Planetary Fortress  
  155  19:19  Marauder  
  155  19:20  Widow Mine  
  155  19:22  Marauder x2  
  163  19:25  Widow Mine  
  163  19:28  Liberator  
  163  19:30  Marine x2  
  170  19:35  Marine x2  
  170  19:36  Marauder  
  170  19:37  SCV x2  
  172  19:40  Marauder  
  172  19:41  Widow Mine  
  172  19:43  Marauder x2  
  172  19:45  Marine x2  
  175  19:46  Marine  
  175  19:51  Liberator  
  180  19:57  Marauder  
  180  19:59  Marine x2  
  177  20:00  Marine x2  
  177  20:02  Marauder  
  177  20:03  Marine x2  
  177  20:04  Marine  
  177  20:05  Marauder x2  
  177  20:06  Marine x3  
  187  20:10  Liberator  
  187  20:12  Widow Mine x2  
  194  20:17  Marine x2  
  194  20:18  Marauder  
  194  20:23  Marauder  
  194  20:26  Marauder x2  
  197  20:33  Widow Mine x2  
  197  20:35  Marine x3  
  187  20:40  Marauder  
  174  20:44  Marauder  
  174  20:47  Marauder  
  174  20:48  Marauder  
  147  20:55  Widow Mine x2, Marine x2  
  134  20:59  Marine x3  
  134  21:01  Marauder  
  135  21:04  Marine  
  135  21:05  Marine x4  
  135  21:06  Marauder  
  135  21:09  Marauder x2, Refinery  
  135  21:10  Refinery  
  146  21:12  Marine  
  146  21:13  Marine  
  146  21:17  Marine x2  
  147  21:19  Marine  
  147  21:22  Marine x2  
  147  21:23  Marauder  
  152  21:27  Marauder  
  152  21:30  Marauder x2  
  152  21:32  Widow Mine x2  
  146  21:36  Marine x3  
  122  21:41  Marine x2  
  122  21:42  Marine x3  
  122  21:44  Marauder  
  129  21:47  Marine x2  
  129  21:49  Marauder  
  129  21:52  Marauder x2  
  137  21:57  Widow Mine x2  
  141  22:05  Marauder  
  133  22:09  Marine x2  
  133  22:10  Marauder  
  133  22:13  Marauder x2  
  135  22:18  Widow Mine x2  
  135  22:21  Marine x2  
  134  22:25  Marine x2  
  134  22:27  Marauder  
  120  22:31  Marauder  
  120  22:34  Marine, Marauder  
  120  22:35  Marauder, Marine x3  
  130  22:37  Marine x2  
  130  22:39  Widow Mine, Marine  
  130  22:40  Marine  
  136  22:48  Marauder  
  134  22:53  Marine x2, Marauder  
  134  22:56  Marauder x2  
  134  22:58  Marine  
  134  23:00  Widow Mine  
  134  23:01  Widow Mine  
  134  23:04  Marine x2  
  125  23:08  Marine x2  
  125  23:09  Marine x2, Marauder  
  125  23:10  Medivac x2  
  125  23:11  Marine  
  127  23:14  Marauder  
  127  23:17  Marauder x2  
  129  23:20  Marine x2  
  129  23:25  Marine  
  129  23:26  Marine x2  
  133  23:31  Marauder  
  133  23:33  Widow Mine x2  
  139  23:35  Marauder  
  139  23:40  Medivac x2  
  149  23:41  Marauder x2  
  149  23:42  Marine x5  
  154  23:50  Marine  
  154  23:55  Widow Mine x2  
  157  24:00  Marauder x2  
  157  24:02  Marauder  
  144  24:06  Marauder  
  139  24:10  Medivac x2  
  139  24:12  Marine  
  139  24:14  Marine  
  139  24:16  Widow Mine  
  146  24:18  Marine  
  145  24:38  Marine  
  145  24:39  Marine x6  
  145  24:40  Liberator x2  
  158  24:52  Marine  
  158  24:57  Marine  
  158  24:59  Widow Mine, Marine x2  
  135  25:00  Marine x2  
  135  25:01  Marine x3  
  135  25:02  Marine  
  135  25:05  Marine  
  135  25:07  Marine  
  101  25:09  Marine  
  101  25:12  Marine  
  100  25:14  Marine  
  100  25:16  Marine  
  102  25:22  Marine x2  
  106  25:28  Widow Mine  
  106  25:33  Marine  
  106  25:34  Marine x2  
  109  25:42  Orbital Command  
  104  25:59  Widow Mine x2  
  104  26:04  Marine x6  
  108  26:10  Marine  
  113  26:23  Marauder x2  
  117  26:28  Widow Mine x2  
  121  26:33  Marine x3  
  124  26:49  Widow Mine x2  
  128  26:55  Marauder x3  
  134  27:04  Marauder  
  134  27:05  Marine x3  
  134  27:07  Marine x2  
  141  27:10  Marine  
  142  27:16  Marauder  
  142  27:18  Marine x2  
  146  27:23  Marine x3  
  146  27:26  Marauder  
  151  27:34  Marauder  
  153  27:37  Marauder  
  153  27:40  Marine  
Tags
 
Add a new tag
Caveats
  • Supply blocks, unpowered buildings, or Contaminate may cause inaccurate times.
  • Supply counts are checked every 10 seconds.